 Dungeon Crawl Stone Soup version 0.18-a0-1413-g4eaa9ac (webtiles) character file.

122 M4edhros the Insei (level 5, -1/33 HPs)
             Began as an Octopode Artificer on Feb 25, 2016.
             Slain by a gnoll
             ... wielding a +0 flail
              (15 damage)
             ... on level 3 of the Dungeon.
             The game lasted 00:03:09 (1906 turns).

M4edhros the Insei (Octopode Artificer)             Turns: 1906, Time: 00:03:10

Health: -1/33      AC:  1    Str: 11    XL:     5   Next: 6%
Magic:  7/7        EV: 12    Int: 15    God:
Gold:   86         SH:  0    Dex: 12    Spells: 0 memorised, 4 levels left

rFire  . . .     SeeInvis .       - Unarmed
rCold  . . .     Gourm    .     (no shield)
rNeg   . . .     Faith    .     (helmet restricted)
rPois  .         Spirit   .     (no amulet)
rElec  .         Dismiss  .     (no ring)
rCorr  .         Reflect  .     (no ring)
SustAt .         Harm     .     (no ring)
MR     .....                    (no ring)
Stlth  +++.......               (no ring)
                                (no ring)
                                (no ring)
                                (no ring)

@: not resistant to hostile enchantments, fairly stealthy
A: almost no armour, amphibious, 8 rings, constrict 8, camouflage 1, gelatinous
body 1
a: no special abilities


You were on level 3 of the Dungeon.
You were very hungry.

You visited 1 branch of the dungeon, and saw 3 of its levels.

You collected 86 gold pieces.

Inventory:

Missiles
 h - 36 stones (quivered)
 n - 7 sling bullets
Wands
 b - a wand of flame (11/48)
 c - a wand of enslavement (7/24)
 d - a wand of random effects (12/48)
Scrolls
 i - 3 scrolls of remove curse {unknown}
 j - a scroll of enchant armour {unknown}
 k - a scroll of fog {unknown}
 l - a scroll of identify {unknown}
 m - 2 scrolls of teleportation {unknown}
 q - a scroll of enchant weapon {unknown}
 r - a scroll of blinking {unknown}
Potions
 e - a potion of heal wounds {unknown}
 g - 2 potions of resistance
 p - a potion of cancellation {unknown}
Comestibles
 f - 2 bread rations
 o - a beef jerky


   Skills:
 - Level 1.0 Fighting
   Level 1.0 Short Blades
 - Level 2.0 Dodging
 - Level 1.3 Stealth
 + Level 4.5 Unarmed Combat
 - Level 3.2 Evocations


You had 4 spell levels left.
You didn't know any spells.

Dungeon Overview and Level Annotations

Branches:
Dungeon (3/15)

Altars:
Kikubaaqudgha
Pakellas


Innate Abilities, Weirdness & Mutations

You cannot wear most types of armour.
You are amphibious.
You can wear up to eight rings at the same time.
You can use your tentacles to constrict eight enemies at once.
Your skin changes colour to match your surroundings (Stealth).
Your rubbery body absorbs attacks (AC +1).


Message History

Okay, then.
Drink which item? (? for menu, Esc to quit)
You feel better. The gnoll barely misses you. x2
Evoke which item? (* to show all) (? for menu, Esc to quit)
Zapping:
c - a wand of enslavement (8/24)
Press: ? - help, Shift-Dir - straight line, f - gnoll
Aim: a gnoll, wielding a halberd (chance to defeat MR: 62%)
The gnoll is charmed.
This wand has 7 charges left.
The gnoll hits you from afar with a spear!
* * * LOW HITPOINT WARNING * * *
Your gnoll hits the gnoll with a halberd!
The gnoll dies!
Your gnoll hits the crimson imp from afar with a spear.
Drink which item? (? for menu, Esc to quit)
You feel better. The gnoll hits you with a flail.
* * * LOW HITPOINT WARNING * * *
Your gnoll closely misses the crimson imp.
Drink which item? (? for menu, Esc to quit)
You feel better. The gnoll hits you with a flail!
You die...

#. #.. ...#
######
....##...@#
..⌠....._g#
#..≈.≈.g≈.#
#..≈≈≈≈≈5.#
#..≈≈≈≈.g##
#..≈≈≈...## ##
#..≈≈≈≈...#..#
#..≈....⌠....#
####...........#


You could see a gnoll, a crimson imp and 2 friendly gnolls.

Vanquished Creatures
  Terence (D:2)
  6 adders
  A worm (D:2)
  A dart slug (D:2)
  A giant gecko (D:1)
  A ball python (D:1)
  2 bats
  2 giant cockroaches
  4 goblins
  3 hobgoblins
  7 jackals
  5 kobolds
  A giant newt (D:2)
  3 rats
38 creatures vanquished.

Vanquished Creatures (collateral kills)
  A gnoll (D:3)
  A goblin (D:2)
  A hobgoblin (D:2)
  A kobold (D:2)
4 creatures vanquished.

Vanquished Creatures (others)
  2 adders (D:2)
2 creatures vanquished.

Grand Total: 44 creatures vanquished

Notes
Turn   | Place    | Note
--------------------------------------------------------------
     0 | D:1      | M4edhros the Octopode Artificer began the quest for the Orb.
     0 | D:1      | Reached XP level 1. HP: 13/13 MP: 3/3
     0 | D:1      | Upgraded the game from 0.18-a0-1405-g73f4075 to 0.18-a0-1413-g4eaa9ac
    37 | D:1      | Reached skill level 1 in Unarmed Combat
   107 | D:1      | Reached XP level 2. HP: 5/18 MP: 4/4
   326 | D:1      | Reached skill level 2 in Unarmed Combat
   759 | D:1      | Reached XP level 3. HP: 21/23 MP: 5/5
   797 | D:2      | Reached skill level 3 in Unarmed Combat
   810 | D:2      | HP: 1/23 [adder (1)]
   820 | D:2      | Noticed Terence
   932 | D:2      | Killed Terence
   932 | D:2      | Reached XP level 4. HP: 10/28 MP: 6/6
  1140 | D:2      | Found an oddly glowing altar of Pakellas.
  1324 | D:2      | Reached skill level 4 in Unarmed Combat
  1740 | D:3      | Reached XP level 5. HP: 18/33 MP: 7/7
  1886 | D:3      | Found an ancient bone altar of Kikubaaqudgha.
  1906 | D:3      | Slain by a gnoll

Vault maps used:
D:1:      tarquinn_simple_flora_water_c
D:2:      grunt_pakellas_sulfur, uniq_terence
D:3:      kiku_gazebo_pond_becter, lemuel_round_altar,
          nicolae_dithmenos_through_a_glass_darkly, nemelex_deck

Skill      XL: |  1  2  3  4 |
---------------+-------------+-----
Unarmed Combat | 1 2 3 4 |  4.5
Fighting       | |  1.0
Short Blades   | |  1.0
Dodging        | |  2.0
Stealth        | |  1.3
Evocations     | |  3.2

Action                   |  1- 3 |  4- 6 || total
-------------------------+-------+-------++-------
Melee: Unarmed           |    51 |    47 ||    98
Evoke: Wand              |    10 |     5 ||    15
  Use: Potion            |     3 |     3 ||     6
 Stab: Sleeping          |     2 |     3 ||     5
  Eat: Chunk             |       |     2 ||     2
